 Dungeon Crawl Stone Soup version 0.29.1-1-gd02db6906a (webtiles) character file.

Game seed: 12693664971395525135

4294 RascalDebosk the Destroyer (level 10, 0/50 HPs)
             Began as a Deep Elf Conjurer on Oct 9, 2022.
             Was an Initiate of Vehumet.
             Slain by a hellwing (14 damage)
             ... on level 7 of the Dungeon.
             The game lasted 01:03:12 (9661 turns).

RascalDebosk the Destroyer (Deep Elf Conjurer)      Turns: 9661, Time: 01:03:13

Health: 0/50       AC:  6    Str:  4    XL:     10   Next: 11%
Magic:  5/25       EV: 11    Int: 31    God:    Vehumet [......]
Gold:   523        SH:  0    Dex: 13    Spells: 3/27 levels left

rFire   . . .      SeeInvis .   L - +5 morningstar (freeze)
rCold   . . .      Faith    .   (no shield)
rNeg    + . .      Spirit   .   s - +0 leather armour "Peganlea" {rN+ Int+3}
rPois   .          Reflect  .   m - +1 helmet
rElec   .          Harm     .   n - +0 cloak
rCorr   .          Rampage  .   (no gloves)
Will    +....                   (no boots)
Stlth   ++........              z - amulet of regeneration
HPRegen 0.96/turn               e - ring of wizardry
MPRegen 0.19/turn               u - ring of flight

@: mighty, flying
A: no striking features
a: Renounce Religion


You were on level 7 of the Dungeon.
You worshipped Vehumet.
Vehumet was noncommittal.
You visited 2 branches of the dungeon, and saw 8 of its levels.
You also visited: Ossuary.

You collected 1307 gold pieces.
You spent 784 gold pieces at shops.

Inventory:

Hand Weapons
 h - a +4 dagger of freezing
 G - a +6 dagger of venom
 L - a +5 morningstar of freezing (weapon)
Missiles
 b - 3 throwing nets {@!f}
 l - 5 boomerangs of dispersal
Armour
 a - a +0 robe
 m - a +1 helmet (worn)
 n - a +0 cloak (worn)
 r - a +1 cloak of willpower
 s - the +0 leather armour "Peganlea" (worn) {rN+ Int+3}
   (You found it on level 6 of the Dungeon)

   Int:       It affects your intelligence (+3).
   rN:        It protects you from negative energy.
Magical Staves
 p - a staff of death
Jewellery
 e - a ring of wizardry (left hand)
 u - a ring of flight (right hand)
 z - an amulet of regeneration (around neck)
 E - a +6 ring of dexterity
Wands
 j - a wand of mindburst (16)
 B - a wand of polymorph (15)
 N - a wand of paralysis (3)
Scrolls
 d - a scroll of acquirement
 i - 2 scrolls of identify
 t - 4 scrolls of teleportation
 x - 2 scrolls of amnesia
 J - a scroll of poison
 K - a scroll of noise {unknown}
 O - a scroll of fog {unknown}
Potions
 c - 5 potions of heal wounds
 f - 4 potions of curing
 g - 5 potions of flight
 k - 2 potions of ambrosia
 o - 4 potions of cancellation
 q - 2 potions of brilliance
 v - 4 potions of might


   Skills:
 + Level 3.1 Armour
 - Level 2.4 Dodging
 - Level 4.0 Stealth
 - Level 9.0 Spellcasting
 + Level 9.1 Conjurations
 - Level 9.0 Hexes
 + Level 7.8 Translocations


You had 3 spell levels left.
You knew the following spells:

 Your Spells              Type           Power      Damage    Failure   Level
a - Magic Dart            Conj           100%       1d8       1%          1
b - Searing Ray           Conj           100%       2d8       1%          2
c - Dazzling Flash        Conj/Hex       100%       N/A       1%          3
d - Fulminant Prism       Conj/Hex       31%        3d16      1%          4
e - Iskenderun's Mystic   Conj/Tloc      61%        2d13      1%          4
f - Manifold Assault      Tloc           58%        N/A       2%          5
g - Iskenderun's Battles  Conj           63%        2d11      1%          5

Your spell library contained the following spells:

 Spells                   Type           Power      Damage    Failure   Level
 Blink                    Tloc           100%       N/A       1%          2
 Lesser Beckoning         Tloc           58%        N/A       1%          3
 Stone Arrow              Conj/Erth      84%        3d12      1%          3
 Freeze                   Ice            52%        1d7       2%          1
 Summon Small Mammal      Summ           52%        N/A       2%          1
 Sublimation of Blood     Necr           13%        N/A       4%          2
 Wereblood                Tmut           13%        N/A       4%          2
 Frozen Ramparts          Ice            26%        1d4       8%          3
 Ozocubu's Armour         Ice            13%        N/A       8%          3
 Hailstorm                Conj/Ice       42%        3d10      4%          4
 Silence                  Hex/Air        20%        N/A       11%         5
 Animate Armour           Summ/Erth      26%        N/A       24%         4
 Iron Shot                Conj/Erth      21%        9d5       47%         6
 Agony                    Necr           13%        N/A       52%         5
 Spellforged Servitor     Conj/Summ      21%        N/A       95%         7
 Monstrous Menagerie      Summ           6%         N/A       100%        7
 Ozocubu's Refrigeration  Ice            6%         4d8       100%        7
 Summon Hydra             Summ           6%         N/A       100%        7
 Lehudib's Crystal Spear  Conj/Erth      21%        10d6      100%        8


Dungeon Overview and Level Annotations

Branches:
Dungeon (7/15)             Temple (1/1) D:7         Ossuary (visited)

Altars:
Cheibriados
Dithmenos
Elyvilon
Fedhas
Gozag
Hepliaklqana
Makhleb
Nemelex Xobeh
Qazlal
Sif Muna
Trog
Uskayaw
Vehumet
Xom
Yredelemnul
The Shining One

Shops:
D:2 *   D:5 :


Message History

Okay, then.
Aiming: Paralyse
Press: ? - help, Shift-Dir - straight line, f/p - hellwing
Aim: a hellwing (heavily wounded, chance to affect: 17%)
Okay, then.
Aiming: Mindburst
Press: ? - help, Shift-Dir - straight line, f/p - hellwing
Aim: a hellwing (heavily wounded, chance to affect: 29%)
The hellwing easily resists.
The hellwing hits you. The hellwing misses you.
Press: ? - help, v - describe, . - travel
Here: a hellwing (heavily wounded)
The floor.
Unknown command.
You completely miss the hellwing.
The hellwing is heavily wounded.
The hellwing completely misses you. The hellwing hits you.
The hellwing barely misses you. The hellwing hits you.
Unknown command.
You thump the hellwing! You freeze the hellwing.
The hellwing is severely wounded.
The hellwing hits you but does no damage. x2
Casting: Searing Ray (safe; 1% risk of failure)
Confirm with . or Enter, or press ? or * to list all spells.
You erupt in a blast of force!
The mystic blast hits the hellwing but does no damage.
The hellwing is severely wounded.
* * * LOW MAGIC WARNING * * *
The hellwing barely misses you. The hellwing hits you.
You hit the hellwing but do no damage.
The hellwing is heavily wounded.
The hellwing hits you!
* * * LOW HITPOINT WARNING * * *
The hellwing hits you.
* * * LOW HITPOINT WARNING * * *
The hellwing closely misses you.
The hellwing hits you but does no damage.
You barely miss the hellwing.
The hellwing is heavily wounded.
The hellwing hits you but does no damage.
The hellwing misses you.
Unknown command.
You thump the hellwing! You freeze the hellwing.
The hellwing is severely wounded.
The hellwing hits you!
* * * LOW HITPOINT WARNING * * *
The hellwing hits you.
* * * LOW HITPOINT WARNING * * *
The hellwing hits you but does no damage.
The hellwing hits you!
* * * LOW HITPOINT WARNING * * *
You feel much better. The hellwing hits you!
The hellwing completely misses you.
Okay, then.
You feel much better. The hellwing hits you. The hellwing barely misses you.
You thump the hellwing! You freeze the hellwing.
The hellwing is almost dead.
The hellwing hits you but does no damage.
The hellwing closely misses you.
You closely miss the hellwing.
The hellwing is almost dead.
The hellwing closely misses you. The hellwing completely misses you.
The hellwing barely misses you. x2
You sock the hellwing! You freeze the hellwing.
You kill the hellwing!
Vehumet accepts your kill. The redback zombie barely misses you.
Your Conjurations skill increases to level 9!
You have reached level 10!
You impale the redback zombie!! You freeze the redback zombie.
The redback zombie is moderately damaged.
The redback zombie barely misses you. The redback zombie closely misses you.
You hit the redback zombie.
The redback zombie is moderately damaged.
The redback zombie bites you. The redback zombie barely misses you.
You closely miss the redback zombie.
The redback zombie is moderately damaged.
The redback zombie misses you. The redback zombie closely misses you.
You puncture the redback zombie! You freeze the redback zombie.
The redback zombie is heavily damaged.
You hear a chilling moan.
The redback zombie barely misses you. The redback zombie bites you!
You puncture the redback zombie! You freeze the redback zombie.
The redback zombie is almost destroyed.
The redback zombie bites you! The redback zombie bites you.
You barely miss the redback zombie.
The redback zombie is almost destroyed.
The redback zombie bites you. x2
* * * LOW HITPOINT WARNING * * *
You sock the redback zombie!
You destroy the redback zombie!
Vehumet accepts your kill. The hellwing closely misses you.
The hellwing hits you but does no damage.
Your Armour skill increases to level 3!
Unknown command.
You completely miss the hellwing. The hellwing hits you!
* * * LOW HITPOINT WARNING * * *
The hellwing completely misses you.
You hit the hellwing but do no damage. The hellwing hits you!
You die...

####.# #. ##. #
#....# # ## #
#.#### .. #.##
##. #..# ##
##.# #.#
######.######.#
#........@4...#
#(####.#####..#
#.# #.# ....
#.# #.# ....
#.# #.# ... #.#
#.# .. #.# #.#
. ##.# ##.##
#.†###...####.#


You could see a hellwing.

Vanquished Creatures
  A hellwing (D:7)
  A redback zombie (D:7)
  A meliai zombie (D:7)
  6 yaks (D:6)
  Menkaure (Ossuary)
  2 water moccasins
  Duvessa (D:5)
  2 orc warriors
  An ice beast (D:7)
  A black bear (D:6)
  A phantom (D:5)
  2 bullfrogs (D:7)
  A gnoll sergeant (D:3)
  2 necrophages
  6 scorpions
  5 wights (D:6)
  Dowan (D:5)
  A troll zombie (Ossuary)
  2 vampire bats (D:3)
  A centaur zombie (Ossuary)
  A jelly (D:6)
  2 gnoll boudas (D:5)
  An orc priest (D:6)
  4 hounds
  2 iguanas
  2 orc wizards (D:6)
  3 ogre zombies (Ossuary)
  6 mummies (Ossuary)
  11 gnolls
  4 adders
  4 shadow imps (D:7)
  A white imp (D:7)
  6 adder zombies (Ossuary)
  2 dart slugs
  6 orcs
  12 ball pythons
  3 endoplasms
  A giant cockroach (D:1)
  2 gnoll zombies (Ossuary)
  15 goblins
  5 hobgoblins
  7 jackals
  2 quokkas
  12 bats
  2 frilled lizards (D:1)
  5 goblin zombies (Ossuary)
  4 hobgoblin zombies (Ossuary)
  9 kobolds
  2 kobold zombies (Ossuary)
  3 quokka zombies
  4 rats
  5 rat zombies
187 creatures vanquished.

Vanquished Creatures (others)
  7 fulminant prisms
  3 fungi (D:3)
  3 plants (D:3)
  6 withered plants (D:7)
19 creatures vanquished.

Grand Total: 206 creatures vanquished

Notes
Turn   | Place    | Note
-------+----------+-------------------------------------------
     0 | D:1      | RascalDebosk the Deep Elf Conjurer began the quest for the
                  | Orb.
     0 | D:1      | Reached XP level 1. HP: 10/10 MP: 6/6
   217 | D:1      | Reached XP level 2. HP: 15/15 MP: 5/8
   220 | D:1      | Learned a level 2 spell: Searing Ray
   302 | D:1      | Reached skill level 1 in Hexes
   477 | D:1      | Reached skill level 1 in Translocations
   709 | D:1      | Reached XP level 3. HP: 15/19 MP: 3/10
   713 | D:1      | Learned a level 3 spell: Dazzling Flash
  1440 | D:2      | Found Huexem's Assorted Antiques.
  1446 | D:2      | Bought a purple potion for 20 gold pieces
  1446 | D:2      | Bought 2 lumpy white potions for 41 gold pieces
  1446 | D:2      | Bought a murky yellow potion for 20 gold pieces
  1917 | D:3      | Found a faded altar of an unknown god.
  2091 | D:3      | Reached XP level 4. HP: 19/24 MP: 0/11
  2271 | D:3      | Noticed a gnoll sergeant
  2283 | D:3      | Killed a gnoll sergeant
  2284 | D:3      | Reached skill level 5 in Conjurations
  2284 | D:3      | Reached XP level 5. HP: 14/28 MP: 0/13
  2889 | D:4      | Reached XP level 6. HP: 32/32 MP: 13/15
  2894 | D:4      | Learned a level 4 spell: Fulminant Prism
  2899 | D:4      | Learned a level 4 spell: Iskenderun's Mystic Blast
  3430 | D:4      | Found a glowing golden altar of the Shining One.
  3430 | D:4      | Found an opulent altar of Gozag.
  3522 | D:4      | Reached skill level 5 in Spellcasting
  3544 | D:5      | Entered Level 5 of the Dungeon
  3824 | D:2      | Bought a runed dagger for 115 gold pieces
  4143 | D:5      | Noticed Dowan
  4144 | D:5      | Noticed Duvessa
  4194 | D:5      | Killed Duvessa
  4195 | D:5      | Reached XP level 7. HP: 36/36 MP: 12/17
  4291 | D:5      | Got the Cyclopedia of Beckoning
  4342 | D:5      | Killed Dowan
  4471 | D:5      | Found Ukhlaz's Book Shoppe.
  5090 | D:5      | Reached skill level 5 in Hexes
  5264 | D:5      | Reached XP level 8. HP: 40/41 MP: 3/19
  5270 | D:5      | Learned a level 5 spell: Manifold Assault
  5530 | D:6      | Found a bloodstained altar of Trog.
  5534 | D:6      | Identified the +0 leather armour "Peganlea" {rN+ Int+3}
  5547 | D:6      | Found a sand-covered staircase.
  5555 | Ossuary  | Entered an ossuary
  6277 | Ossuary  | Noticed Menkaure
  6281 | Ossuary  | Killed Menkaure
  6282 | Ossuary  | Reached skill level 5 in Translocations
  7246 | D:6      | Reached XP level 9. HP: 38/45 MP: 12/23
  7673 | D:6      | Found a snail-covered altar of Cheibriados.
  7793 | D:6      | Identified a scroll of acquirement
  7793 | D:6      | Acquired 801 gold pieces
  7862 | D:5      | Bought a book of Power for 588 gold pieces
  7868 | D:5      | Learned a level 5 spell: Iskenderun's Battlesphere
  8015 | D:6      | Reached skill level 1 in Armour
  8528 | D:7      | Found a staircase to the Ecumenical Temple.
  8536 | Temple   | Entered the Ecumenical Temple
  8917 | Temple   | Became a worshipper of Vehumet
  9355 | D:7      | Noticed a hellwing
  9358 | D:7      | Noticed a hellwing
  9631 | D:7      | HP: 2/45 [hellwing (5)]
  9652 | D:7      | Killed a hellwing
  9653 | D:7      | Reached XP level 10. HP: 50/50 MP: 2/25
  9661 | D:7      | Slain by a hellwing

Illustrated notes

Levels and vault maps discovered:
D:1:      shiori_arrival_maze, layout_basic
D:2:      layout_basic, serial_shops, nicolae_shop_advertising_works
          [nicolae_subvault_shop_adworks]
D:3:      layout_basic, dreamdust_ecumenical_altar_grove, roderic_batcave
D:4:      layout_loops_ring, chequers_temple_overflow_statue_of_worship
D:5:      layout_basic, serial_shops, nicolae_square_shop, uniq_duvessa
D:6:      layout_loops_ring, cheibriados_altar_1, lemuel_crystal_altar,
          enter_ossuary_4, dk_noncrumbling_2, kennysheep_dice
D:7:      cheibrodos_grave_circle, layout_loops_ring,
          minmay_temple_entry_arrows, enter_bailey_3,
          chequers_serial_rivers_micro_c
Temple:   minmay_temple_forest_path

Skill      XL: |  1  2  3  4  5  6  7  8  9 10 |
---------------+-------------------------------+-----
Hexes          | 1 2 3 4 5 7 9 |  9.0
Translocations | 1 2 3 4 6 7 |  7.8
Stealth        | 3 4 |  4.0
Spellcasting   | 4 5 6 8 9 |  9.0
Conjurations   | 5 6 7 9 |  9.1
Armour         | 2 3 |  3.1
Dodging        | |  2.4

Action                   |  1- 3 |  4- 6 |  7- 9 | 10-12 || total
-------------------------+-------+-------+-------+-------++-------
Melee: Dagger            |    46 |     6 |    15 |       ||    67
       Punch             |       |     1 |     1 |       ||     2
       Morningstar       |       |       |    29 |     9 ||    38
 Cast: Magic Dart        |    82 |    66 |   217 |       ||   365
       Dazzling Flash    |     2 |     1 |       |       ||     3
       Searing Ray       |     1 |     5 |    21 |       ||    27
       Iskenderun's Myst |       |     2 |    28 |       ||    30
       Fulminant Prism   |       |       |     7 |       ||     7
       Iskenderun's Batt |       |       |     3 |       ||     3
Evoke: Wand              |       |     2 |     1 |       ||     3
  Use: Scroll            |       |    13 |    10 |       ||    23
       Potion            |       |     1 |    11 |       ||    12
 Stab: Invisible         |     1 |       |       |       ||     1
       Sleeping          |       |       |     1 |       ||     1
Armor: Robe              |    10 |     9 |    13 |       ||    32
       Leather armour    |       |       |    34 |     1 ||    35
Dodge: Dodged            |    39 |    19 |   111 |     8 ||   177
